AoeStats
← 安安您好

MegaRandom

509284547Analyzed
3v3 RM · 5d ago on Sep 26, 2026· 28m 5s· 6 players
Game mode
Random Map
Map size
Normal (6 player)
Population
200
Speed
Normal
Resources
Standard
Victory
Conquest
Starting age
Dark Age
Ending age
Imperial Age
RankedLock teamsTeams togetherTeam positionsShared explorationLock speedFull tech treeHidden civsTurbo modeCheats
Victory
Defeat
🇦🇷 Varangians · Argentina
1269
+13
🇺🇾 Mongols · Uruguay
1250
+14
🇺🇾 Persians · Uruguay
1235
+15
🇹🇼 Goths · Taiwan
1234
-15
🇦🇺 Vietnamese · Australia
1206
-14
🇺🇸 Celts · United States
1193
-13
I'm Trying My Best
0:28 Loom
14:24 Feudal Age
14:49 Horse Collar
14:57 Double-Bit Axe
16:02 Fishing Lines
20:09 Castle Age
18:02 Gold Mining
18:06 Stone Mining
19:52 Wheelbarrow
20:53 Heavy Plow
21:05 Bow Saw
24:04 Gold Shaft Mining
24:10 Stone Shaft Mining
23:40 Scale Mail Armor
23:30 Fletching
23:51 Forging
24:52 Hand Cart
Goldy
10:38 Loom
12:26 Feudal Age
13:49 Double-Bit Axe
17:37 Castle Age
21:14 Bow Saw
20:45 Horse Collar
21:10 Gold Mining
21:10 Stone Mining
22:30 Wheelbarrow
21:42 Town Watch
23:15 Medium Warships
23:38 Heavy Plow
26:09 Hand Cart
27:45 Scale Barding Armor
27:50 Forging
安安您好
10:03 Feudal Age
10:31 Double-Bit Axe
12:30 Loom
19:15 Castle Age
16:54 Man-at-Arms
18:28 Forging
19:00 Scale Mail Armor
22:45 Town Watch
24:31 Bow Saw
27:12 Wheelbarrow
Gonzat92
7:09 Loom
11:12 Feudal Age
13:09 Double-Bit Axe
15:55 Castle Age
14:38 Gold Mining
15:31 Fletching
24:06 Wheelbarrow
24:25 Scale Barding Armor
26:24 Bodkin Arrow
27:50 Husbandry
28:00 Bloodlines
poli2107
9:35 Loom
11:20 Feudal Age
15:28 Castle Age
13:52 Double-Bit Axe
14:00 Gold Mining
16:52 Bow Saw
17:02 Fishing Lines
19:29 Bloodlines
20:22 Horse Collar
21:41 Gillnets
22:02 Medium Warships
24:15 Fletching
25:03 Town Watch
26:58 Bodkin Arrow
Lord Selby
11:46 Feudal Age
10:01 Loom
16:04 Castle Age
14:10 Double-Bit Axe
15:53 Horse Collar
16:07 Gold Mining
22:35 Gold Shaft Mining
24:47 Bow Saw
27:02 Wheelbarrow
26:12 Town Watch
27:41 Fletching
27:51 Padded Archer Armor
Connection lost

Rejoining the realm…

Still unreachable

The connection could not be restored.

Session expired

The server has moved on; the page needs a fresh start.